cohdb
Replays
Latest Replays
All Replays
Popular Replays
Top Player Replays
Match Explorer
How It Works
Community
CoH3 Stats
Reddit
Sign in to upload your games and track your stats! →
Sign in with Steam
Match 45585357
Unlisted
Match 45585357
Overview
Messages
Build Orders
End
Engineer Squad
Construct Barracks
Selects Advanced Infantry Battlegroup
Riflemen Squad
Riflemen Squad
Riflemen Squad
Infantry Support Center
Selects Convert to Ranger Squad
Construct Medical Station
Construct Motor Pool
M8 Greyhound Armored Car
Convert to Ranger Squad
Selects Artillery Observers
Artillery Observer Squad
M1 Anti-tank Gun Team
Construct Tank Depot
Grenade Package
Selects M2A1 105mm Howitzer Emplacement
Selects Free Fire Drills
Selects Designate Assault Position
M4(105) Sherman Bulldozer
M1 Mortar Team
Selects Infantry Assault
M4(105) Sherman Bulldozer
Engineer Squad
M4A1 Sherman Medium Tank
Infantry Assault
Riflemen Squad
M1 Anti-tank Gun Team
Riflemen Squad
Captain Retinue
Artillery Observer Squad
M18 Hellcat Tank Destroyer
wallap
RainbowDurr
Cpt Darling
jwalker987
0
0
Comments
sign in to comment!
No comments posted yet!